TOP OF THE 1ST |
Otsego Bulldogs batting - Pitching for Trenton Stars : RHP Juan Aguilar
|
Pitching: RHP Juan Aguilar
|
|
Batting: LHB Mario Cornelo
|
0-0: Ball 1-0: Swinging Strike 1-1: Ball 2-1: Swinging Strike 2-2: Ball 3-2: Strikes out looking
|
Batting: RHB Felipe Rego
|
0-0: Foul Ball, location: 2F 0-1: Ball 1-1: Ball 2-1: Foul Ball, location: 2F 2-2: Foul Ball, location: 2F 2-2: SINGLE (Line Drive, 78S)
|
Batting: LHB George Wood
|
0-0: Ball 1-0: Grounds into double play, 4-6-3 (Groundball, 34)
|
Top of the 1st over - 0 run(s), 1 hit(s), 0 error(s), 0 left on base; Otsego 0 - Trenton 0 |
BOTTOM OF THE 1ST |
Trenton Stars batting - Pitching for Otsego Bulldogs : RHP Dave Smith
|
Pitching: RHP Dave Smith
|
|
Batting: LHB Felipe Guerrero
|
0-0: Ball 1-0: Ball 2-0: Swinging Strike 2-1: SINGLE (Line Drive, 7LS)
|
Batting: RHB Kenji Murayama
|
0-0: Ball 1-0: Ball 2-0: Ball 3-0: Foul Ball, location: 2F 3-1: Foul Ball, location: 2F 3-2: Foul Ball, location: 2F 3-2: DOUBLE (Groundball, 5L) Felipe Guerrero to third Felipe Guerrero scores
|
Batting: RHB Chris Cole
|
0-0: Ground out 6-3 (Groundball, 6)
|
Batting: LHB Alonzo Medine
|
0-0: Swinging Strike 0-1: Ball 1-1: Ground out U3 (Groundball, 3) Kenji Murayama to third
|
Batting: LHB Alberto Gómez
|
0-0: Fly out, F9 (Flyball, 9D)
|
Bottom of the 1st over - 1 run(s), 2 hit(s), 0 error(s), 1 left on base; Otsego 0 - Trenton 1 |
TOP OF THE 2ND |
Otsego Bulldogs batting - Pitching for Trenton Stars : RHP Juan Aguilar
|
Batting: RHB Jesús Tisnado
|
0-0: Called Strike 0-1: Fly out, F6 (Line Drive, 6)
|
Batting: RHB Cristo García
|
0-0: Ground out 3-1 (Groundball, 34S)
|
Batting: RHB Jim Beck
|
0-0: Ball 1-0: Foul Ball, location: 2F 1-1: Ground out 4-3 (Groundball, 4)
|
Top of the 2nd over - 0 run(s), 0 hit(s), 0 error(s), 0 left on base; Otsego 0 - Trenton 1 |
BOTTOM OF THE 2ND |
Trenton Stars batting - Pitching for Otsego Bulldogs : RHP Dave Smith
|
Batting: LHB Ju-wei Shiu
|
0-0: Ball 1-0: Swinging Strike 1-1: Foul Ball, location: 2F 1-2: Foul Ball, location: 2F 1-2: Foul Ball, location: 2F 1-2: Strikes out swinging
|
Batting: RHB Rafael Canales
|
0-0: Called Strike 0-1: Called Strike 0-2: Strikes out swinging
|
Batting: RHB Nick Bowman
|
0-0: Called Strike 0-1: Ball 1-1: Foul Ball, location: 2F 1-2: Foul Ball, location: 2F 1-2: Ball 2-2: SOLO HOME RUN (Flyball, 7D), Distance : 369 ft
|
Batting: SHB Rafael Villa
|
0-0: Fly out, F8 (Flyball, 8RS)
|
Bottom of the 2nd over - 1 run(s), 1 hit(s), 0 error(s), 0 left on base; Otsego 0 - Trenton 2 |
TOP OF THE 3RD |
Otsego Bulldogs batting - Pitching for Trenton Stars : RHP Juan Aguilar
|
Batting: RHB Armando Cuevas
|
0-0: Ball 1-0: Ground out 5-3 (Groundball, 56S)
|
Batting: RHB Ichizo Akiyama
|
0-0: Swinging Strike 0-1: Ball 1-1: Ball 2-1: Ball 3-1: SINGLE (Groundball, 15S) (infield hit)
|
Batting: LHB Martin Davis
|
0-0: Ball 1-0: SINGLE (Groundball, 2L) (infield hit) Ichizo Akiyama to second
|
Batting: LHB Mario Cornelo
|
0-0: Called Strike 0-1: Fly out, F5 (Popup, 5F)
|
Batting: RHB Felipe Rego
|
0-0: SINGLE (Groundball, 56D) Ichizo Akiyama to third Martin Davis to second Runner from 3rd tries for Home, SAFE, no throw or cutoff
|
Batting: LHB George Wood
|
0-0: Swinging Strike 0-1: Ball 1-1: Ball 2-1: Ball 3-1: Fly out, F8 (Flyball, 8LM)
|
Top of the 3rd over - 1 run(s), 3 hit(s), 0 error(s), 2 left on base; Otsego 1 - Trenton 2 |
BOTTOM OF THE 3RD |
Trenton Stars batting - Pitching for Otsego Bulldogs : RHP Dave Smith
|
Batting: LHB Felipe Guerrero
|
0-0: Called Strike 0-1: Fly out, F8 (Flyball, 8RXD)
|
Batting: RHB Kenji Murayama
|
0-0: Called Strike 0-1: Ball 1-1: SINGLE (Groundball, 56D)
|
Batting: RHB Chris Cole
|
0-0: SINGLE (Groundball, 13) (infield hit) Kenji Murayama to second
|
Batting: LHB Alonzo Medine
|
0-0: Ball 1-0: Ball 2-0: Fly out, F2 (Popup, 2RF)
|
Batting: LHB Alberto Gómez
|
0-0: Fielders Choice at 2nd, 6-4 (Groundball, 6)
|
Bottom of the 3rd over - 0 run(s), 2 hit(s), 0 error(s), 1 left on base; Otsego 1 - Trenton 2 |
TOP OF THE 4TH |
Otsego Bulldogs batting - Pitching for Trenton Stars : RHP Juan Aguilar
|
Batting: RHB Jesús Tisnado
|
0-0: Ball 1-0: Reached on Error, E9 (Flyball, 9M)
|
Batting: RHB Cristo García
|
0-0: Called Strike 0-1: Ball 1-1: Swinging Strike 1-2: Ball 2-2: Ball 3-2: Base on Balls Jesús Tisnado to second
|
Pitching: RHP Jonathan Booker
|
|
Batting: RHB Jim Beck
|
0-0: Called Strike Balk! Jesús Tisnado to third Cristo García to second 0-1: Foul Ball, location: 2F 0-2: Foul Ball, location: 2F 0-2: Ball 1-2: Strikes out swinging
|
Batting: RHB Armando Cuevas
|
0-0: Ball 1-0: Ball 2-0: Foul Ball, location: 2F 2-1: Ground out 5-3 (Groundball, 56S) Jesús Tisnado scores Cristo García to third
|
Batting: RHB Ichizo Akiyama
|
0-0: Ball 1-0: SINGLE (Flyball, 8LM) Cristo García scores
|
Batting: LHB Martin Davis
|
0-0: Ball 1-0: Called Strike 1-1: Ball 2-1: Ground out 3-1 (Groundball, 34)
|
Top of the 4th over - 2 run(s), 1 hit(s), 1 error(s), 1 left on base; Otsego 3 - Trenton 2 |
BOTTOM OF THE 4TH |
Trenton Stars batting - Pitching for Otsego Bulldogs : RHP Dave Smith
|
Batting: LHB Ju-wei Shiu
|
0-0: Ball 1-0: Ball 2-0: Called Strike 2-1: Ball 3-1: Foul Ball, location: 2F 3-2: Strikes out looking
|
Batting: RHB Rafael Canales
|
0-0: Called Strike 0-1: Called Strike 0-2: Ball 1-2: Ball 2-2: Foul Ball, location: 2F 2-2: Strikes out swinging
|
Batting: RHB Nick Bowman
|
0-0: Fly out, F7 (Line Drive, 7LM)
|
Bottom of the 4th over - 0 run(s), 0 hit(s), 0 error(s), 0 left on base; Otsego 3 - Trenton 2 |
TOP OF THE 5TH |
Otsego Bulldogs batting - Pitching for Trenton Stars : RHP Jonathan Booker
|
Batting: LHB Mario Cornelo
|
0-0: Ball 1-0: Called Strike 1-1: SINGLE (Flyball, 9S)
|
Batting: RHB Felipe Rego
|
0-0: Ball 1-0: Swinging Strike 1-1: Called Strike Mario Cornelo steals 2nd base 1-2: SINGLE (Groundball, 6MD) Mario Cornelo to third
|
Batting: LHB George Wood
|
0-0: Ball 1-0: Ball 2-0: Fly out, F8 (Flyball, 8RM) Runner from 3rd tags up, SCORES, no throw
|
Batting: RHB Jesús Tisnado
|
0-0: Called Strike 0-1: Grounds into double play, 5-4-3 (Groundball, 56)
|
Top of the 5th over - 1 run(s), 2 hit(s), 0 error(s), 0 left on base; Otsego 4 - Trenton 2 |
BOTTOM OF THE 5TH |
Trenton Stars batting - Pitching for Otsego Bulldogs : RHP Dave Smith
|
Batting: SHB Rafael Villa
|
0-0: SINGLE (Line Drive, 4MD)
|
Batting: LHB Felipe Guerrero
|
0-0: Ball 1-0: Ball 2-0: Called Strike 2-1: Grounds into double play, 6-4-3 (Groundball, 6M)
|
Batting: RHB Kenji Murayama
|
0-0: Ball 1-0: Swinging Strike 1-1: Foul Ball, location: 2F 1-2: Ball 2-2: Ball 3-2: Ground out U3 (Groundball, 3)
|
Bottom of the 5th over - 0 run(s), 1 hit(s), 0 error(s), 0 left on base; Otsego 4 - Trenton 2 |
TOP OF THE 6TH |
Otsego Bulldogs batting - Pitching for Trenton Stars : RHP Jonathan Booker
|
Batting: RHB Cristo García
|
0-0: Ball 1-0: Called Strike 1-1: Ball 2-1: Called Strike 2-2: Ball 3-2: Foul Ball, location: 2F 3-2: Foul Ball, location: 2F 3-2: Base on Balls
|
Batting: RHB Jim Beck
|
0-0: Ball 1-0: Called Strike 1-1: Ball 2-1: Called Strike 2-2: Foul Ball, location: 2F 2-2: Strikes out swinging
|
Pitching: RHP Gilberto Martínez
|
|
Batting: RHB Armando Cuevas
|
0-0: Foul Ball, location: 2F 0-1: Called Strike 0-2: Ball 1-2: Ball 2-2: Strikes out swinging
|
Batting: RHB Ichizo Akiyama
|
0-0: Ball Cristo García is caught stealing 2nd base
|
Top of the 6th over - 0 run(s), 0 hit(s), 0 error(s), 0 left on base; Otsego 4 - Trenton 2 |
BOTTOM OF THE 6TH |
Trenton Stars batting - Pitching for Otsego Bulldogs : RHP Dave Smith
|
Batting: RHB Chris Cole
|
0-0: Called Strike 0-1: Ball 1-1: Ball 2-1: Called Strike 2-2: Fly out, F8 (Flyball, 8RM)
|
Batting: LHB Alonzo Medine
|
0-0: Fly out, F6 (Popup, 56)
|
Batting: LHB Alberto Gómez
|
0-0: Ball 1-0: Ball 2-0: Called Strike 2-1: Foul Ball, location: 2F 2-2: Ball 3-2: Ground out 4-3 (Groundball, 4M)
|
Bottom of the 6th over - 0 run(s), 0 hit(s), 0 error(s), 0 left on base; Otsego 4 - Trenton 2 |
TOP OF THE 7TH |
Otsego Bulldogs batting - Pitching for Trenton Stars : RHP Gilberto Martínez
|
Batting: RHB Ichizo Akiyama
|
0-0: Ball 1-0: Foul Ball, location: 2F 1-1: DOUBLE (Line Drive, 7LM)
|
Batting: LHB Martin Davis
|
0-0: Ball 1-0: Ball 2-0: Called Strike 2-1: Swinging Strike 2-2: Foul Ball, location: 2F 2-2: Foul Ball, location: 2F 2-2: Foul Ball, location: 2F 2-2: Strikes out looking
|
Pitching: LHP Michael Puckett
|
|
Batting: LHB Mario Cornelo
|
0-0: Ball 1-0: SINGLE (Flyball, 78S) Ichizo Akiyama to third Runner from 3rd tries for Home, SAFE, no throw or cutoff
|
Batting: RHB Felipe Rego
|
0-0: Ball 1-0: Called Strike 1-1: Foul Ball, location: 2F 1-2: Grounds into double play, 6-4-3 (Groundball, 6)
|
Top of the 7th over - 1 run(s), 2 hit(s), 0 error(s), 0 left on base; Otsego 5 - Trenton 2 |
BOTTOM OF THE 7TH |
Trenton Stars batting - Pitching for Otsego Bulldogs : RHP Dave Smith
|
Batting: LHB Ju-wei Shiu
|
0-0: Ball 1-0: Ball 2-0: Swinging Strike 2-1: Ball 3-1: Foul Ball, location: 2F 3-2: Strikes out swinging
|
Batting: RHB Rafael Canales
|
0-0: Ball 1-0: Foul Ball, location: 2F 1-1: Swinging Strike 1-2: Ball 2-2: Foul Ball, location: 2F 2-2: Foul Ball, location: 2F 2-2: Foul Ball, location: 2F 2-2: Strikes out swinging
|
Batting: RHB Nick Bowman
|
0-0: Swinging Strike 0-1: Ground out 5-3 (Groundball, 5)
|
Bottom of the 7th over - 0 run(s), 0 hit(s), 0 error(s), 0 left on base; Otsego 5 - Trenton 2 |
TOP OF THE 8TH |
Otsego Bulldogs batting - Pitching for Trenton Stars : LHP Michael Puckett
|
Batting: LHB George Wood
|
0-0: Foul Ball, location: 2F 0-1: Fly out, F7 (Flyball, 7S)
|
Batting: RHB Jesús Tisnado
|
0-0: Ball 1-0: Called Strike 1-1: Swinging Strike 1-2: Fly out, F8 (Flyball, 8RS)
|
Pitching: RHP Alfredo Ruíz
|
|
Batting: RHB Cristo García
|
0-0: SINGLE (Groundball, 56)
|
Batting: RHB Jim Beck
|
0-0: Called Strike 0-1: Ball 1-1: Fly out, F4 (Popup, 8RS)
|
Top of the 8th over - 0 run(s), 1 hit(s), 0 error(s), 1 left on base; Otsego 5 - Trenton 2 |
BOTTOM OF THE 8TH |
Trenton Stars batting - Pitching for Otsego Bulldogs : RHP Dave Smith
|
Pitching: RHP Artie Downing
|
|
Batting: SHB Rafael Villa
|
0-0: Called Strike 0-1: Swinging Strike 0-2: Strikes out swinging
|
Batting: LHB Felipe Guerrero
|
0-0: Ground out 6-3 (Groundball, 6)
|
Batting: RHB Kenji Murayama
|
0-0: SINGLE (Line Drive, 8RS)
|
Pitching: RHP Manny Benavides
|
|
Batting: RHB Chris Cole
|
0-0: Ball 1-0: Ball 2-0: Called Strike 2-1: Ground out 4-3 (Groundball, 4)
|
Bottom of the 8th over - 0 run(s), 1 hit(s), 0 error(s), 1 left on base; Otsego 5 - Trenton 2 |
TOP OF THE 9TH |
Otsego Bulldogs batting - Pitching for Trenton Stars : RHP Alfredo Ruíz
|
Batting: RHB Armando Cuevas
|
0-0: Ball 1-0: Ball 2-0: DOUBLE (Flyball, 9LM)
|
Pitching: RHP Ki-tong Shiu
|
|
Batting: RHB Ichizo Akiyama
|
0-0: Foul Ball, location: 2F 0-1: Called Strike 0-2: Strikes out looking
|
Batting: LHB Martin Davis
|
0-0: Called Strike 0-1: DOUBLE (Line Drive, 7LD) Armando Cuevas scores
|
Pitching: LHP Luis Guevara
|
|
Batting: LHB Mario Cornelo
|
0-0: Ball 1-0: Ball 2-0: Ball Wild Pitch! Martin Davis to third 3-0: Called Strike 3-1: Foul Ball, location: 2F 3-2: Base on Balls
|
Pitching: RHP David Nava
|
|
Batting: RHB Felipe Rego
|
0-0: Ball 1-0: Ball Mario Cornelo is caught stealing 2nd base 2-0: Foul Ball, location: 2F 2-1: Ball 3-1: Foul Ball, location: 2F 3-2: Foul Ball, location: 2F 3-2: Base on Balls
|
Batting: LHB George Wood
|
0-0: Called Strike 0-1: Foul Ball, location: 2F 0-2: Foul Ball, location: 2F 0-2: Foul Ball, location: 2F 0-2: Ball 1-2: SINGLE (Line Drive, 7S) Martin Davis scores Felipe Rego to second
|
Batting: RHB Jesús Tisnado
|
0-0: DOUBLE (Line Drive, 8LD) Felipe Rego scores George Wood to third Runner from 3rd tries for Home, SAFE, no throw or cutoff
|
Batting: RHB Cristo García
|
0-0: Called Strike 0-1: Ball 1-1: Foul Ball, location: 2F 1-2: Fly out, F8 (Flyball, 8LXD)
|
Top of the 9th over - 4 run(s), 4 hit(s), 0 error(s), 1 left on base; Otsego 9 - Trenton 2 |
BOTTOM OF THE 9TH |
Trenton Stars batting - Pitching for Otsego Bulldogs : RHP Manny Benavides
|
Now at 1B: Juan Pérez
|
|
Now at SS: Kyung-bok Cho
|
|
Batting: LHB Alonzo Medine
|
0-0: Called Strike 0-1: Swinging Strike 0-2: SINGLE (Line Drive, 4MD)
|
Batting: LHB Alberto Gómez
|
0-0: Ball 1-0: Called Strike 1-1: Called Strike 1-2: Foul Ball, location: 2F 1-2: TRIPLE (Line Drive, 89D) Alonzo Medine scores
|
Batting: LHB Ju-wei Shiu
|
0-0: Called Strike 0-1: Ground out 4-3 (Groundball, 4) Alberto Gómez scores
|
Batting: RHB Rafael Canales
|
0-0: Ball 1-0: Ball 2-0: Called Strike 2-1: Called Strike 2-2: SINGLE (Line Drive, 78S)
|
Batting: RHB Nick Bowman
|
0-0: Foul Ball, location: 2F 0-1: Ball 1-1: Fielders Choice at 2nd, 6-4 (Groundball, 6M)
|
Batting: SHB Rafael Villa
|
0-0: Ball 1-0: Called Strike 1-1: Foul Ball, location: 2F 1-2: Ball 2-2: Strikes out swinging
|
Bottom of the 9th over - 2 run(s), 3 hit(s), 0 error(s), 1 left on base; Otsego 9 - Trenton 4 |
|